 Dungeon Crawl Stone Soup version 0.21-a0-19-g210df22 (webtiles) character file.

94680 grindst0ne the Severer (level 15, -2/201 HPs)
             Began as a Black Draconian Berserker on May 24, 2017.
             Was the Champion of Trog.
             Slain by Donald
             ... wielding a +2 long sword of slicing
              (17 damage)
             ... on level 1 of the Orcish Mines on May 25, 2017.
             The game lasted 01:24:09 (27709 turns).

grindst0ne the Severer (Black Draconian Berserker) Turns: 27709, Time: 01:24:10

Health: -2/201     AC: 27    Str: 24    XL:     15   Next: 64%
Magic:  18/18      EV:  2    Int:  5    God:    Trog [******]
Gold:   1396       SH:  0    Dex: 22    Spells: 14/14 levels left

rFire    + . .     SeeInvis .   p - +3 battleaxe (chop)
rCold    + . .     Gourm    .   (shield currently unavailable)
rNeg     + + +     Faith    .   (armour unavailable)
rPois    +         Spirit   .   (helmet currently unavailable)
rElec    .         Reflect  .   (cloak currently unavailable)
rCorr    .         Harm     .   (gloves currently unavailable)
MR       +....     NoTele   +   (boots currently unavailable)
Stlth    ++........             L - amulet of regeneration
Regen    0.9/turn               D - ring of protection from cold
MPRegen  0.2/turn               m - ring "Eristrie" {+Fly rF+}

@: mighty, tree-form, berserk cooldown, slowed, very slow
A: (breathe lightning), unfitting armour, agile 2, blink, dopey 1, low mp 1,
wild magic 1, evolution 1, AC +9
a: Blink, Berserk, Trog's Hand, Brothers in Arms, Burn Spellbooks, Renounce
Religion


You were on level 1 of the Orcish Mines.
You worshipped Trog.
Trog was exalted by your worship.
You were very hungry.
You were a tree.
You visited 3 branches of the dungeon, and saw 23 of its levels.

You collected 1676 gold pieces.
You spent 280 gold pieces at shops.

Inventory:

Hand Weapons
 p - a +3 battleaxe of chopping (weapon)
 K - a +1 executioner's axe of venom
 Q - a +0 blowgun
Missiles
 y - 12 curare-tipped needles
 M - 8 tomahawks of returning (quivered)
Armour
 u - a +1 cloak of poison resistance (melded)
 B - a +1 pair of gloves (melded)
 X - a +0 pair of boots (melded)
Jewellery
 h - an uncursed ring of poison resistance
 m - the ring "Eristrie" (right branch) {+Fly rF+}
   (You found it on level 13 of the Dungeon)

   [ring of flight]

   It protects you from fire.
   It lets you fly.
 q - an uncursed ring of protection from fire
 D - a ring of protection from cold (left branch)
 H - an uncursed ring of protection from fire
 I - an uncursed ring of protection from magic
 L - an amulet of regeneration (around neck)
 Y - an uncursed ring of poison resistance
Wands
 a - a wand of digging (14/24)
 c - a wand of iceblast (12/15)
 k - a wand of polymorph (13/24)
 A - a wand of scattershot (3/9)
 J - a wand of paralysis (18/24)
 S - a wand of confusion (31/48)
 U - a wand of acid (15/15)
Scrolls
 i - 7 scrolls of remove curse
 o - 3 scrolls of blinking
 t - 3 scrolls of enchant weapon
 x - 3 scrolls of magic mapping
 z - a scroll of recharging
 E - a scroll of brand weapon
 F - 3 scrolls of enchant armour
 N - 2 scrolls of fog
 T - 4 scrolls of teleportation
 Z - a scroll of identify
Potions
 e - a potion of lignification
 f - 2 potions of ambrosia
 g - 14 potions of curing
 j - 2 potions of berserk rage
 n - 3 potions of cancellation
 v - 3 potions of resistance
 C - a potion of mutation
 O - a potion of might
Miscellaneous
 R - a box of beasts
 W - a lightning rod (4/4)
Comestibles
 b - 4 bread rations
 d - 34 fruits
 l - 10 meat rations
 w - 18 royal jellies


   Skills:
 - Level 12.8 Fighting
 * Level 18.6 Axes
 + Level 13.5 Dodging
 - Level 7.1 Evocations


You had 14 spell levels left.
You didn't know any spells.

Dungeon Overview and Level Annotations

Branches:
Dungeon (15/15) Temple (0/1) D:7 Lair (6/6) D:8 Swamp (0/4) Lair:3 Spider (0/4) Lair:3 Slime (0/5) Lair:6 Orc (2/2) D:10 Elf (0/3) Orc:2 Vaults (0/5) D:13 D:14 Depths (0/5) D:15

Altars:
Ashenzari
Elyvilon
Fedhas
Gozag
Hepliaklqana
Kikubaaqudgha
Makhleb
Okawaru
Trog
Uskayaw
Vehumet
Xom
Yredelemnul
Zin
The Shining One
Beogh
Jiyva

Shops:
D:9 =

Annotations:
D:6 1 transporter
D:12 exclusion: obsidian statue
D:13 exclusion: 2 downstairs, Sonja
D:14 exclusion: oklob plant
Orc:1 Donald


Innate Abilities, Weirdness & Mutations

((You can breathe wild blasts of lightning.))
((Your glossy black scales are hard. (AC +9)))
You cannot fit into any form of body armour.
((Your large and strong wings let you fly indefinitely.))
((You are resistant to electric shocks. (rElec)))
((You are cold-blooded and may be slowed by cold attacks.))
((You have sharp fingernails.))
You are very agile. (Dex +4)
You can translocate small distances at will.
You are dopey. (Int -2)
Your magical capacity is low. (-10% MP)
((You are covered in fur. (AC +1)))
Your spells are a little harder to cast, but a little more powerful.
You evolve.


Message History

Your +0 pair of boots melds into your body.
Your roots penetrate the ground.
Donald says, "Are you sure you're allowed to read scrolls?"
Donald hits you with a long sword of slicing!!
* * * LOW HITPOINT WARNING * * *
x2 Donald hits you but does no damage.
Donald blocks your attack.
Donald is moderately wounded.
Donald hits you with a long sword of slicing!
* * * LOW HITPOINT WARNING * * *
x2 You slice Donald!!
Donald is almost dead.
Donald hits you with a long sword of slicing!!
* * * LOW HITPOINT WARNING * * *
x2 Donald hits you with a long sword of slicing.
* * * LOW HITPOINT WARNING * * *
x2 You hit Donald but do no damage.
Donald is almost dead.
Donald hits you with a long sword of slicing!
You die...

##.#.###.#.## #...........#
##.#.[...#..##
###..[.##....### ###
##............#.##
##.#####.....)..........###
##...##.##..............##.##
#....#...#..................#
##....#.....♣@..><.........##
##...........#.[)....##.###
##.............#......##
####..................#
##.....#....#.......##
#....................#
##..................##
###..#.............###
####....###........##


You could see Donald.

Vanquished Creatures
  A dire elephant (Lair:6)
  Azrael (D:14)
  The ghost of pedritolo the Fighter, a journeyman DrCK of Xom (D:11)
  Snorg (Lair:4)
  An ettin (D:15)
  A rakshasa (D:15)
  2 hydras (Lair:6)
  5 centaur warriors
  2 catoblepae
  An ogre mage (D:13)
  14 two-headed ogres
  A deep troll shaman (Lair:6)
  9 death yaks
  Urug (D:12)
  An orc high priest (Orc:2)
  A fire crab (Lair:6)
  2 unseen horrors
  A deep troll (D:15)
  A deep elf archer (D:15)
  Pikel (D:7)
  6 orc knights
  An orc sorcerer (Orc:2)
  3 cyclopes
  2 deep elf magi (D:15)
  4 ugly things (D:14)
  3 manticores
  Maurice (D:8)
  4 elephants
  Joseph (D:7)
  6 black mambas
  6 spiny frogs
  A gargoyle (D:14)
  2 centaur skeletons
  A yaktaur (shapeshifter) (D:9)
  2 kobold demonologists (D:14)
  An efreet (D:14)
  3 komodo dragons
  A freezing wraith (D:14)
  A tengu conjurer (D:15)
  A hornet (Lair:3)
  A slime creature (D:11)
  5 polar bears
  3 trolls
  A dream sheep (shapeshifter) (D:15)
  A wind drake (shapeshifter) (D:15)
  17 blink frogs
  A harpy skeleton (D:14)
  6 dream sheep (Lair:6)
  5 hippogriffs
  A shadow (D:15)
  2 spriggans (Lair:4)
  3 wyverns
  30 yaks
  2 fire elementals (D:14)
  16 humans
  A hungry ghost (D:10)
  5 vampire mosquitoes (Lair:3)
  A warg (Orc:2)
  3 hell hounds (D:14)
  2 soldier ants (D:13)
  7 porcupines
  12 water moccasins
  18 orc warriors
  4 ice beasts
  2 black bears
  A necrophage (D:11)
  2 slaves (D:7)
  2 sky beasts
  An eye of draining (D:12)
  6 ogres
  2 phantoms
  22 wolves
  16 centaurs
  8 crocodiles
  6 big kobolds
  17 bullfrogs
  A wyvern zombie (D:13)
  12 scorpions
  53 killer bees
  9 wights
  An electric eel (Lair:6)
  7 howler monkeys
  7 crimson imps
  9 centaur zombies
  A bullfrog zombie (D:11)
  2 bullfrog skeletons
  21 orc priests
  4 hounds
  16 jellies
  16 orc wizards
  6 iguanas
  9 worker ants
  A killer bee zombie (D:7)
  4 gnolls (D:7)
  3 worker ant zombies
  16 adders
  2 shadow imps
  6 oozes
  An adder skeleton (D:5)
  2 worms
  2 dart slugs
  4 leopard geckos
  85 orcs
  2 ball pythons
  8 giant cockroaches
  5 goblins
  8 hobgoblins
  3 jackals (D:1)
  25 kobolds
  3 quokkas
  5 bats
  5 frilled lizards
  A quokka skeleton (D:5)
  6 rats
  4 bushes (D:14)
  7 fungi
  14 plants
726 creatures vanquished.

Vanquished Creatures (others)
  2 orcs (D:10)
  2 fungi
  3 plants
7 creatures vanquished.

Grand Total: 733 creatures vanquished

Notes
Turn   | Place    | Note
-------+----------+-------------------------------------------
     0 | D:1      | grindst0ne the Draconian Berserker began the quest for the Orb.
     0 | D:1      | Reached XP level 1. HP: 19/19 MP: 1/1
   103 | D:1      | Reached XP level 2. HP: 19/26 MP: 2/2
   293 | D:1      | Reached ** piety under Trog
   493 | D:1      | Reached XP level 3. HP: 26/33 MP: 3/3
   928 | D:2      | Found a hazy altar of Hepliaklqana.
  1312 | D:2      | Found a hide-covered altar of Uskayaw.
  1374 | D:2      | Reached skill level 4 in Axes
  1401 | D:2      | Found an iron altar of Okawaru.
  1410 | D:2      | Reached XP level 4. HP: 31/41 MP: 4/4
  2034 | D:3      | Reached *** piety under Trog
  2325 | D:3      | Reached skill level 5 in Fighting
  2341 | D:3      | Reached XP level 5. HP: 38/48 MP: 5/5
  2481 | D:4      | Reached skill level 5 in Axes
  2808 | D:4      | Reached XP level 6. HP: 39/57 MP: 6/6
  2815 | D:4      | You fall through a shaft for 2 floors!
  3099 | D:6      | Found a radiant altar of Vehumet.
  3227 | D:5      | Entered Level 5 of the Dungeon
  3827 | D:5      | Reached skill level 6 in Axes
  3895 | D:5      | Found a shattered altar of Ashenzari.
  3974 | D:5      | Your scales start taking on a glossy black colour.
  3974 | D:5      | Reached XP level 7. HP: 36/64 MP: 7/7
  3974 | D:5      | Gained mutation: You are resistant to electric shocks. (rElec) [Black Draconian growth]
  4367 | D:5      | Found a burning altar of Makhleb.
  4520 | D:5      | Reached **** piety under Trog
  5003 | D:5      | Reached skill level 7 in Axes
  5185 | D:5      | Gained mutation: You have sharp toenails. [potion of mutation]
  5185 | D:5      | Gained mutation: Your muscles are strong. (Str +2) [potion of mutation]
  5186 | D:5      | Lost mutation: You have sharp toenails. [potion of mutation]
  5186 | D:5      | Lost mutation: Your muscles are strong. (Str +2) [potion of mutation]
  5186 | D:5      | Gained mutation: Your mind is acute. (Int +2) [potion of mutation]
  5186 | D:5      | Gained mutation: Your spells are a little easier to cast, but a little less powerful. [potion of mutation]
  5186 | D:5      | Gained mutation: You are frail. (-10% HP) [potion of mutation]
  5186 | D:5      | Gained mutation: You are agile. (Dex +2) [potion of mutation]
  5450 | D:6      | Reached XP level 8. HP: 32/66 MP: 8/8
  5799 | D:6      | Noticed a hippogriff
  5814 | D:6      | Killed a hippogriff
  6164 | D:6      | Reached skill level 8 in Axes
  6197 | D:6      | You fall through a shaft!
  6197 | D:7      | Found a staircase to the Ecumenical Temple.
  6197 | D:7      | Noticed Joseph
  6352 | D:7      | Killed Joseph
  6564 | D:7      | Reached skill level 9 in Axes
  6564 | D:7      | Reached XP level 9. HP: 23/75 MP: 9/9
  6787 | D:7      | Noticed Pikel
  6853 | D:7      | Killed Pikel
  6853 | D:7      | Reached skill level 10 in Fighting
  7074 | D:7      | Found a basalt altar of Yredelemnul.
  7757 | D:7      | Lost mutation: You are frail. (-10% HP) [potion of mutation]
  7757 | D:7      | Lost mutation: Your mind is acute. (Int +2) [potion of mutation]
  7757 | D:7      | Lost mutation: Your spells are a little easier to cast, but a little less powerful. [potion of mutation]
  7757 | D:7      | Gained mutation: You are very agile. (Dex +4) [potion of mutation]
  7757 | D:7      | Gained mutation: Scrolls take you a little longer to read. [potion of mutation]
  7757 | D:7      | Gained mutation: Your large and strong wings let you fly indefinitely. [potion of mutation]
  7813 | D:7      | Gained mutation: You have a pair of small horns on your head. [mutagenic meat]
  7814 | D:7      | Gained mutation: You possess an exceptional clarity of mind. [mutagenic meat]
  7815 | D:7      | Lost mutation: You have a pair of small horns on your head. [mutagenic meat]
  7816 | D:7      | Gained mutation: You can translocate small distances at will. [mutagenic meat]
  8011 | D:8      | Noticed Maurice
  8027 | D:8      | Killed Maurice
  8027 | D:8      | Reached skill level 10 in Axes
  8169 | D:8      | Found a staircase to the Lair.
  8210 | D:8      | Noticed a two-headed ogre
  8255 | D:8      | Killed a two-headed ogre
  8255 | D:8      | Reached XP level 10. HP: 96/96 MP: 10/10
  8722 | Lair:1   | Entered Level 1 of the Lair of Beasts
  9039 | D:8      | Reached skill level 11 in Axes
  9378 | Lair:1   | Reached ***** piety under Trog
  9647 | Lair:1   | HP: 5/100 [poisoned by a killer bee]
  9652 | Lair:1   | HP: 3/100 [poisoned by a killer bee]
  9658 | Lair:1   | HP: 2/100 [poisoned by a killer bee]
  9664 | Lair:1   | HP: 3/100 [poisoned by a killer bee]
 10158 | Lair:1   | Reached skill level 1 in Evocations
 10175 | Lair:1   | Reached skill level 12 in Axes
 10502 | Lair:1   | Noticed a black mamba
 10507 | Lair:1   | Killed a black mamba
 10507 | Lair:1   | Reached XP level 11. HP: 106/106 MP: 13/13
 10575 | Lair:1   | Found a white marble altar of Elyvilon.
 11108 | Lair:1   | Reached skill level 5 in Evocations
 12388 | Lair:2   | Received a gift from Trog
 13497 | Lair:3   | Reached skill level 13 in Axes
 13571 | Lair:3   | Found a staircase to the Swamp.
 13662 | Lair:3   | Found a hole to the Spider Nest.
 13858 | Lair:3   | Reached skill level 5 in Dodging
 13906 | Lair:3   | Reached XP level 12. HP: 113/113 MP: 17/17
 14649 | Lair:4   | Noticed Snorg
 14650 | Lair:4   | Noticed a seven-headed hydra
 14678 | Lair:4   | Killed Snorg
 14794 | Lair:4   | Reached skill level 14 in Axes
 14794 | Lair:4   | Reached XP level 13. HP: 119/119 MP: 18/18
 15078 | Lair:4   | You are sucked into a shaft for 2 floors!
 15078 | Lair:6   | Entered Level 6 of the Lair of Beasts
 15139 | Lair:6   | Found a runed door.
 15140 | Lair:6   | Found a viscous altar of Jiyva.
 15143 | Lair:6   | Found a staircase to the Slime Pits.
 15476 | Lair:6   | Received a gift from Trog
 15643 | Lair:6   | Reached skill level 10 in Dodging
 16695 | Lair:6   | Received a gift from Trog
 16698 | Lair:6   | Noticed a dire elephant
 16734 | Lair:6   | Killed a dire elephant
 17095 | Lair:6   | Reached skill level 15 in Axes
 17898 | Lair:5   | Mutation became permanent: Your large and strong wings let you fly indefinitely. [Black Draconian growth]
 17898 | Lair:5   | Gained mutation: Your large and strong wings let you fly indefinitely. [Black Draconian growth]
 17898 | Lair:5   | Reached XP level 14. HP: 127/127 MP: 19/19
 18276 | Lair:5   | Found a glowing silver altar of Zin.
 18921 | D:9      | Found a glowing golden altar of the Shining One.
 19780 | D:9      | Found Ujiw's Jewellery Emporium.
 19784 | D:9      | Bought an uncursed ring of poison resistance for 280 gold pieces
 19786 | D:9      | Found a bloodstained altar of Trog.
 19887 | D:9      | Found an ancient bone altar of Kikubaaqudgha.
 19890 | D:9      | Found a shimmering altar of Xom.
 19893 | D:9      | Found a shattered altar of Ashenzari.
 19909 | D:10     | Entered Level 10 of the Dungeon
 20145 | D:10     | Gained mutation: You have sharp fingernails. [mutagenic meat]
 20146 | D:10     | Lost mutation: Scrolls take you a little longer to read. [mutagenic meat]
 20147 | D:10     | Gained mutation: Your magical capacity is low. (-10% MP) [mutagenic meat]
 20148 | D:10     | Gained mutation: You are robust. (+10% HP) [mutagenic meat]
 20149 | D:10     | Gained mutation: You evolve. [mutagenic meat]
 20155 | D:10     | Found a roughly hewn altar of Beogh.
 20155 | D:10     | Found a staircase to the Orcish Mines.
 21017 | D:10     | Reached skill level 16 in Axes
 21128 | D:10     | Gained mutation: You are covered in fur. (AC +1) [evolution]
 21444 | D:11     | Noticed pedritolo's ghost (journeyman DrCK)
 21457 | D:11     | Killed pedritolo's ghost
 21457 | D:11     | Reached ****** piety under Trog
 21522 | D:11     | Found an opulent altar of Gozag.
 21527 | D:11     | Received a gift from Trog
 22494 | D:12     | Noticed Urug
 22618 | D:12     | Killed Urug
 23040 | D:12     | Got a polished dagger
 23042 | D:12     | Lost mutation: You possess an exceptional clarity of mind. [a neqoxec]
 23070 | D:12     | Lost mutation: You are robust. (+10% HP) [a neqoxec]
 23190 | D:12     | Identified the +8 dagger "Uqis Eso" {speed, rPois Dex+5 SInv} (You found it on level 12 of the Dungeon)
 23253 | D:13     | Got a transparent silver ring
 23255 | D:13     | Identified the ring "Eristrie" {+Fly rF+} (You found it on level 13 of the Dungeon)
 23899 | D:13     | Received a gift from Trog
 24079 | D:14     | Found a gate to the Vaults.
 24175 | D:13     | Reached skill level 17 in Axes
 24177 | D:13     | Noticed Sonja
 24450 | D:14     | Gained mutation: You are dopey. (Int -2) [a neqoxec]
 24565 | D:14     | Reached XP level 15. HP: 125/134 MP: 18/18
 24630 | D:14     | Noticed Azrael
 24654 | D:14     | Killed Azrael
 25045 | D:14     | Found a blossoming altar of Fedhas.
 25627 | D:15     | Entered Level 15 of the Dungeon
 25723 | D:15     | Reached skill level 18 in Axes
 25896 | D:15     | Received a gift from Trog
 26218 | D:15     | Found a staircase to the Depths.
 26559 | Orc:1    | Entered Level 1 of the Orcish Mines
 26663 | Orc:2    | Entered Level 2 of the Orcish Mines
 26711 | Orc:2    | Found a bloodstained altar of Trog.
 26732 | Orc:2    | Found a staircase to the Elven Halls.
 27492 | Orc:2    | Gained mutation: Your spells are a little harder to cast, but a little more powerful. [evolution]
 27672 | Orc:2    | Noticed Donald
 27709 | Orc:1    | Slain by Donald

Vault maps used:
D:1:      dpeg_arrival_boxorama, moated_statue, minmay_misc_feat_enclosed
D:2:      eat_drink_and_be_merry_uskayaw, lemuel_round_altar,
          old_standard_altar, grunt_decor_resistance
D:3:      minmay_misc_feat_plants
D:4:      first_bread
D:5:      makhleb_heckhound_becter, nicolae_ashenzari_panopticon
D:6:      gammafunk_wand_slinger, kennysheep_mini_moat
D:7:      yredelemnul_altar_generic, temple_fountains, uniq_joseph, uniq_pikel
D:8:      lair_entry_dummy, uniq_maurice
D:9:      nicolae_overflow_crystal_walls, old_standard_altar,
          grunt_temple_overflow_diamond, serial_shops, nicolae_shop_stone
D:10:     david_orc_5
D:11:     hangedman_little_slice_of_home, hangedman_decor_riveting,
          nicolae_gozag_cash_rules_everything_around_me
D:12:     minmay_protected_statue, uniq_urug
D:13:     uniq_sonja
D:14:     david_vaults_3, minivault_27, serial_column_ruins, column_ruins_hut,
          column_ruins_open_small, column_ruins_open_small, column_ruins_grid_3,
          hex_tiny, spider_trap, tgw_fedhas, uniq_azrael
D:15:     hangedman_depths_entry_civil_slaughter, minmay_tree_intersection,
          minmay_unpleasant_kobolds
Lair:1:   wad_woods_minihive, basic_altar
Lair:2:   serial_bayou_shore_b, grunt_megastairs_5
Lair:3:   minmay_swamp_entry_swarm, nicolae_spider_entry_non_spiders
Lair:4:   forest_entry_grove, lemuel_fruit_tree, uniq_snorg
Lair:5:   wad_woods_structure_01, basic_altar
Lair:6:   grunt_lair_end_beastmaster, slime_altar_2, serial_bayou_shore_a,
          lemuel_fruit_fields
Orc:1:    serial_shops, shop_statue, nicolae_orc_crystal_geode, uniq_nergalle,
          uniq_harold
Orc:2:    st_orc_pillars, basic_altar, bloody_trog, uniq_donald

Skill      XL: |  1  2  3  4  5  6  7  8  9 10 11 12 13 14 15 |
---------------+----------------------------------------------+-----
Fighting       | 4 5 6 8 9 11 12 | 12.8
Axes           | 4 5 6 7 9 10 12 13 14 15 17 18 | 18.6
Evocations     | 3 7 |  7.1
Dodging        | 5 8 11 12 13 | 13.5

Action                   |  1- 3 |  4- 6 |  7- 9 | 10-12 | 13-15 || total
-------------------------+-------+-------+-------+-------+-------++-------
Melee: Hand axe          |   126 |   210 |   229 |       |       ||   565
       Tailslap          |    12 |    26 |    45 |    68 |   223 ||   374
       Battleaxe         |       |       |    84 |   425 |  1116 ||  1625
Invok: Berserk           |       |     3 |    11 |    12 |    29 ||    55
       Burn Spellbooks   |       |       |     2 |       |     1 ||     3
       Trog's Hand       |       |       |     1 |     3 |     5 ||     9
       Brothers in Arms  |       |       |       |       |     1 ||     1
 Abil: Fly               |       |       |       |     1 |       ||     1
Evoke: Wand              |       |       |       |       |    12 ||    12
  Use: Scroll            |       |       |    20 |     6 |    18 ||    44
       Potion            |       |       |     3 |     5 |     8 ||    16
 Stab: Sleeping          |     1 |       |     1 |     2 |     7 ||    11
       Petrified         |       |       |       |       |     9 ||     9
       Petrifying        |       |       |       |       |     2 ||     2
       Distracted        |       |       |       |       |     1 ||     1
  Eat: Chunk             |     2 |     9 |    23 |    17 |    67 ||   118
       Fruit             |       |       |     3 |     2 |       ||     5
       Bread ration      |       |       |     1 |       |     2 ||     3
       Meat ration       |       |       |       |     3 |       ||     3
Armor: Skin              |    37 |    59 |   122 |   211 |   243 ||   672
Dodge: Dodged            |   104 |   126 |   202 |   457 |  1058 ||  1947
